 Dungeon Crawl Stone Soup version 0.29.1-2-gbd0b4ee654 (webtiles) character file.

Game seed: 12238534755305829607

324 qeuew the Ducker (level 6, -12/47 HPs)
             Began as a Merfolk Gladiator on Nov 10, 2022.
             Mangled by a gnoll
             ... wielding a +0 halberd
             ... led by a gnoll bouda
              (13 damage)
             ... on level 4 of the Dungeon.
             The game lasted 00:04:50 (3918 turns).

qeuew the Ducker (Merfolk Gladiator)                Turns: 3918, Time: 00:04:50

Health: -12/47     AC:  4    Str: 16    XL:     6   Next: 48%
Magic:  6/6        EV: 13    Int:  8    God:
Gold:   238        SH:  4    Dex: 15    Spells: 5/5 levels left

rFire   . . .      SeeInvis .   a - +0 trident (venom)
rCold   . . .      Faith    .   k - +0 buckler
rNeg    . . .      Spirit   .   b - +0 leather armour
rPois   .          Reflect  .   c - +0 helmet
rElec   .          Harm     .   (no cloak)
rCorr   .          Rampage  .   (no gloves)
Will    .....                   (no boots)
Stlth   +.........              (no amulet)
HPRegen 0.15/turn               (no ring)
MPRegen 0.10/turn               (no ring)

@: no status effects
A: (nimble swimmer 2), mertail
a: no special abilities


You were on level 4 of the Dungeon.
You visited 1 branch of the dungeon, and saw 4 of its levels.

You collected 238 gold pieces.

Inventory:

Hand Weapons
 a - a +0 trident of venom (weapon)
Missiles
 d - a throwing net (quivered)
 e - 3 javelins
Armour
 b - a +0 leather armour (worn)
 c - a +0 helmet (worn)
 k - a +0 buckler (worn)
Wands
 g - a wand of quicksilver (3)
Scrolls
 f - 2 scrolls of teleportation


   Skills:
 + Level 3.5 Fighting
 + Level 5.2 Polearms
 + Level 3.3 Throwing
 + Level 1.7 Armour
 + Level 5.3 Dodging
 + Level 1.6 Shields


You had 5 spell levels left.
You didn't know any spells.
Your spell library contained the following spells:

 Spells                   Type           Power      Damage    Failure   Level
 Apportation              Tloc           0%         N/A       58%         1
 Alistair's Intoxication  Tmut/Pois      0%         N/A       100%        5


Dungeon Overview and Level Annotations

Branches:
Dungeon (4/15)
 Temple: D:4-7

Altars:

Shops:
D:1 :*[


Innate Abilities, Weirdness & Mutations

((You are very nimble when in or above water. (Stealth+, EV+, Speed+++)))
Your lower body shifts to a powerful aquatic tail in water.


Message History

You hit the ice beast.
The ice beast is severely wounded.
You block the ice beast's attack.
You hit the ice beast.
The ice beast is almost dead.
A hobgoblin comes into view.
The ice beast hits you. The ice beast freezes you.
* * * LOW HITPOINT WARNING * * *
Throw: 2 throwing nets
Press: ? - help, Q - select action, (/) - cycle Shift-Dir - straight line, f/p - ice beast
Aim: an ice beast (almost dead, 60% to hit)
You throw a throwing net. The throwing net hits the ice beast.
The ice beast is caught in the net!
The ice beast is almost dead.
The hobgoblin shouts!
You hear a shout!
The hobgoblin throws a stone.
You block the stone.
The ice beast struggles against the net.
You hit the ice beast but do no damage.
The ice beast is almost dead.
The ice beast struggles against the net.
You strike the helpless ice beast from behind!
You hit the ice beast.
You kill the ice beast!
The gnoll closely misses you.
A kobold comes into view. It is wielding a +0 dagger.
The kobold shouts!
The gnoll hits you from afar with a +0 halberd!
* * * LOW HITPOINT WARNING * * *
The hobgoblin misses you. You block the kobold's attack.
The gnoll hits you with a +0 halberd.
* * * LOW HITPOINT WARNING * * *
You aren't carrying any potions.
As you read the scroll labelled AKALYO FUSTEM, it crumbles to dust.
It is a scroll of brand weapon.
Your +0 trident drips with poison.
a - a +0 trident of venom (weapon)
The hobgoblin hits you but does no damage.
The kobold hits you but does no damage. The gnoll hits you with a +0 halberd!
You die...

#.###.# #.
#.<.>.# ##. ###
###......... ..#
g#######. #.# ..
##.###.# ##.
###...##.####.#
.##...#.........#
## #Kgg##.####.#
##.##.##@###.#
#........# #.#
##.##.#### #.# ..
#.# ... #(# .#.
#.##.. .. #.##..
. ###.##.#
#...##.#


You could see a gnoll, a hobgoblin and a kobold.

Vanquished Creatures
  An ice beast (D:4)
  A gnoll bouda (D:3)
  Ijyb (D:4)
  Terence (D:3)
  A gnoll (D:3)
  5 adders
  2 worms (D:2)
  2 dart slugs (D:1)
  2 orcs (D:3)
  6 endoplasms
  5 giant cockroaches
  6 goblins
  9 hobgoblins
  8 jackals (D:2)
  5 quokkas
  10 ball pythons
  5 bats
  3 frilled lizards
  5 kobolds
  10 rats
88 creatures vanquished.

Notes
Turn   | Place    | Note
-------+----------+-------------------------------------------
     0 | D:1      | qeuew the Merfolk Gladiator began the quest for the Orb.
     0 | D:1      | Reached XP level 1. HP: 16/16 MP: 1/1
    61 | D:1      | Reached XP level 2. HP: 16/23 MP: 2/2
   375 | D:1      | Found Ganunaas's Assorted Antiques.
   379 | D:1      | Reached XP level 3. HP: 28/28 MP: 3/3
   457 | D:1      | Found a faded altar of an unknown god.
   480 | D:1      | Found Vadatup's Antique Armour Shoppe.
   991 | D:1      | Found Qouqio's Book Emporium.
  1346 | D:2      | Reached XP level 4. HP: 34/34 MP: 4/4
  1476 | D:2      | Reached skill level 1 in Armour
  2292 | D:3      | Reached XP level 5. HP: 20/41 MP: 5/5
  2601 | D:3      | Noticed Terence
  2630 | D:3      | Killed Terence
  3189 | D:3      | Reached skill level 5 in Polearms
  3189 | D:3      | Reached skill level 1 in Shields
  3192 | D:3      | Reached skill level 5 in Dodging
  3193 | D:4      | Noticed an ice beast
  3425 | D:4      | Noticed Ijyb
  3759 | D:4      | Killed Ijyb
  3760 | D:4      | Reached XP level 6. HP: 29/47 MP: 6/6
  3915 | D:4      | Killed an ice beast
  3917 | D:4      | HP: 1/47 [gnoll/+0 halberd[a gnoll bouda] (5)]
  3918 | D:4      | Mangled by a gnoll

Illustrated notes

Levels and vault maps discovered:
D:1:      lightli_arrival_maybe_door_vault, layout_loops_ring, serial_glass,
          glass_columns_a, glass_columns_b, due_unseen_surprise,
          minmay_strange_pillars, ebering_ecumenical_altar_sacrificial,
          serial_shops, nicolae_lakefront_shop, nicolae_shop_crystal,
          nicolae_lakefront_shop
D:2:      layout_basic, hangedman_abyss_or_decor_stabs
D:3:      layout_loops_ring, uniq_terence
D:4:      layout_loops_ring, mainiacjoe_overflow_divided_tiny,
          lightli_sewer_entry_pipes, dreamdust_wishing_well, uniq_pikel,
          uniq_ijyb, uniq_duvessa

Skill      XL: |  1  2  3  4  5 |
---------------+----------------+-----
Armour         | 1 |  1.7
Fighting       | 3 |  3.5
Throwing       | 3 |  3.3
Polearms       | 5 |  5.2
Shields        | 1 |  1.6
Dodging        | 5 |  5.3

Action                   |  1- 3 |  4- 6 || total
-------------------------+-------+-------++-------
Melee: Trident           |   129 |   211 ||   340
       Punch             |     1 |       ||     1
Throw: Throwing net      |       |     4 ||     4
  Use: Scroll            |     1 |     1 ||     2
       Potion            |       |     6 ||     6
 Stab: Sleeping          |     2 |     1 ||     3
       Held in net/web   |       |     1 ||     1
Armor: Leather armour    |    41 |    45 ||    86
Dodge: Dodged            |    97 |   136 ||   233
Block: Buckler           |       |    19 ||    19
